[Event "1st Serbian League 2022"]
[Site "Vrnjacka Banja"]
[Date "2022.09.28"]
[Round "9.31"]
[White "Ioannidis, Evgenios"]
[Black "Krstulovic, Alex"]
[Result "1/2-1/2"]
[ECO "A16"]
[WhiteElo "2486"]
[BlackElo "2411"]
[Annotator "TA"]
[PlyCount "89"]
[EventDate "2022.09.20"]
[EventType "team-tourn"]
[EventCountry "SRB"]
[SourceTitle "playchess.com"]
[Source "ChessBase"]
[SourceQuality "1"]
[TimeControl "40/5400+30:1800+30"]

1. c4 Nf6 2. Nc3 g6 3. e4 e5 4. Nf3 Bg7 5. Nxe5 O-O 6. Bd3 {[%emt 0:00:47] A16: English Opening: 1...Nf6 with ...d5.} Re8 7. Nf3 Nxe4 {[%emt 0:02:01] [#]} 8. O-O $146 ({Predecessor:} 8. Bxe4 Bxc3 9. dxc3 Rxe4+ 10. Be3 Nc6 11. O-O d6 12. Qd5 Qe8 13. h3 Bf5 14. Rfe1 {1-0 (60) Giri,A (2761)-Jones,G (2669) chess24.com INT 2022}) 8... Nxc3 9. dxc3 d6 10. h3 (10. Bg5 $5 f6 11. Be3 $11) 10... Nc6 11. Bg5 Bf6 12. Be3 b6 13. Re1 Bb7 14. Bf1 Ne5 15. Nxe5 Bxe5 16. Qd2 Qd7 17. c5 Qc6 18. cxd6 Qxd6 19. Bb5 Qxd2 (19... Bh2+ {feels hotter.} 20. Kh1 Qxd2 21. Bxd2 Rxe1+ 22. Rxe1 Bd6) 20. Bxd2 c6 21. Bc4 Kg7 22. a4 Re7 23. a5 Rae8 24. Kf1 Bc7 25. Be3 f6 26. b4 Bc8 27. axb6 Bxb6 28. Re2 Bxe3 29. Rxe3 (29. fxe3 {looks sharper.} Kh6 30. Kf2 f5 31. Ra5) 29... Rxe3 30. fxe3 Rxe3 31. Rxa7+ $11 {[%emt 0:00:04][%mdl 4096] Endgame KRB-KRB} Kh6 32. Ra3 f5 $1 33. Kf2 f4 34. Be2 Bd7 (34... Bf5 $11) 35. Bf3 $1 $14 Rd3 {[%emt 0:00:40] [#]} 36. Ra7 (36. h4 $1 $16) 36... Be6 37. Rc7 Bd7 (37... Bd5 $1 $14) 38. c4 ({Much less strong is} 38. Bxc6 $6 Rxc3 39. Rxd7 Rxc6 $14) (38. Be4 $18 Re3 39. Rxd7 Rxe4 40. Rd4) 38... Rd4 $16 39. Be2 {[%emt 0:03:08] White is more active.} Rd6 (39... Kg5 $1 $14) 40. h4 (40. b5 $16 cxb5 41. cxb5) 40... g5 (40... Bf5 $1 $14) 41. hxg5+ (41. c5 $16 Rd2 42. Ke1) 41... Kxg5 $14 42. b5 (42. Bf3 $5 ) 42... cxb5 43. c5 (43. cxb5 $5 Bf5 44. Rc5 $11) 43... Rd5 44. c6 Bf5 45. Rb7 {[%emt 0:00:00] Weighted Error Value: White=0.15 (very precise) /Black=0.14 (very precise)} 1/2-1/2

[Event "1st Serbian League 2022"]
[Site "Vrnjacka Banja"]
[Date "2022.09.28"]
[Round "9.32"]
[White "Sedlak, Nikola"]
[Black "Damljanovic, Branko"]
[Result "1/2-1/2"]
[WhiteElo "2466"]
[BlackElo "2436"]
[Annotator "TA"]
[PlyCount "32"]
[EventDate "2022.09.20"]
[EventType "team-tourn"]
[EventCountry "SRB"]
[SourceTitle "playchess.com"]
[Source "ChessBase"]
[SourceQuality "1"]
[TimeControl "40/5400+30:1800+30"]

1. Nf3 Nf6 2. g3 b6 3. Bg2 Bb7 4. O-O e6 5. d3 d5 6. e4 {[%emt 0:00:07] A05: Réti Opening: 1 Nf3 Nf6.} Be7 7. Nc3 {[%emt 0:00:22] The position is equal.} c5 8. exd5 Nxd5 9. Bd2 O-O 10. Re1 {[%emt 0:00:04] [#] A rather calm draw.  Weighted Error Value: White=0.12 (very precise) /Black=0.11 (very precise)} {Predecessor:} Bf6 $146 11. Ne5 Bxe5 12. Rxe5 Nxc3 13. Bxc3 Bxg2 14. Kxg2 Nc6 15. Re1 Rc8 16. Kg1 Qd5 {0-1 (37) Saraci,N (2171)-Jobava,B (2683) Skopje 2015} 1/2-1/2

[Event "1st Serbian League 2022"]
[Site "Vrnjacka Banja"]
[Date "2022.09.28"]
[Round "9.33"]
[White "Tadic, Branko"]
[Black "Popovic, Dusan"]
[Result "1/2-1/2"]
[ECO "E62"]
[WhiteElo "2455"]
[BlackElo "2486"]
[Annotator "TA"]
[PlyCount "33"]
[EventDate "2022.09.20"]
[EventType "team-tourn"]
[EventCountry "SRB"]
[SourceTitle "playchess.com"]
[Source "ChessBase"]
[SourceQuality "1"]
[TimeControl "40/5400+30:1800+30"]

1. Nf3 Nf6 2. g3 g6 3. Bg2 Bg7 4. O-O O-O 5. c4 d6 6. d4 Nc6 7. Nc3 e5 8. dxe5 dxe5 $1 {[%emt 0:01:34] The main line 8...dxe5 scores better than 8...Nxe5.} 9. Bg5 Be6 10. Nd5 Bxd5 {[%emt 0:07:09] E62: King's Indian: Fianchetto: 6...c6 and Panno Variation (6...Nc6) without ...a6.} 11. Bxf6 Bxf6 12. cxd5 Ne7 13. e4 c6 14. dxc6 ({Much less strong is} 14. d6 Nc8 $16) 14... Nxc6 {[%emt 0:00:47] The position is equal.} 15. Qxd8 Rfxd8 16. Rfd1 Kf8 {[%emt 0:00:30] [#]} 17. Rac1 $146 {[%emt 0:01:00] An interesting draw.  Weighted Error Value: White=0.08 (flawless) /Black=0.02 (flawless)} ({Predecessor:} 17. Rd5 Rxd5 18. exd5 Nb4 19. Ne1 Rd8 20. Rd1 Nxa2 21. Nd3 Be7 22. Nxe5 Nb4 23. Nc4 {0-1 (54) Urlau,T-Seidel,M DESC email 2005}) 1/2-1/2

[Event "1st Serbian League 2022"]
[Site "Vrnjacka Banja"]
[Date "2022.09.28"]
[Round "9.34"]
[White "Boskovic, Drasko"]
[Black "Nikolovski, Nikola"]
[Result "1/2-1/2"]
[ECO "A80"]
[WhiteElo "2415"]
[BlackElo "2359"]
[Annotator "TA"]
[PlyCount "109"]
[EventDate "2022.09.20"]
[EventType "team-tourn"]
[EventCountry "SRB"]
[SourceTitle "playchess.com"]
[Source "ChessBase"]
[SourceQuality "1"]
[TimeControl "40/5400+30:1800+30"]

1. d4 e6 2. Nf3 f5 3. Bf4 Nf6 4. e3 Be7 5. Be2 O-O 6. O-O {[%emt 0:00:11] A80: Dutch Defence: Unusual White second moves.} d6 7. c4 Ne4 8. h3 {[%emt 0:01:11] White has an edge.} Nd7 {[%emt 0:05:17] [#]} 9. Qb3 $146 (9. Nfd2 $5 ) ({Predecessor:} 9. Nc3 Ndf6 10. Rc1 b6 11. Bh2 Bb7 12. b4 Qe8 13. Qb3 Nxc3 14. Rxc3 Ne4 15. Rc2 {0-1 (37) Araujo,J-Macedo,A (1868) Joao Pessoa 2012}) 9... g5 10. Bh2 Ndf6 (10... g4 11. hxg4 fxg4 12. Nfd2 $16) 11. Nfd2 Kh8 12. Nxe4 Nxe4 13. f3 Nf6 14. Nc3 Rg8 15. g4 $36 {[%emt 0:21:37][%mdl 2048] White has some pressure.} Qf8 16. Nb5 Bd8 (16... c6 $5 17. Nc3 b6 $14) 17. c5 a6 18. Qa3 Nd5 (18... f4 $1 $11) 19. cxd6 $16 {[%emt 0:00:52][%cal Rb5c7] White is more active.} f4 20. e4 Ne3 (20... c6 $16 {was necessary.}) 21. Nxc7 $18 (21. dxc7 $2 Be7 22. Qa5 Nxf1 23. Kxf1 (23. Rxf1 $2 Bb4 $19) 23... Bb4 $19) 21... Rb8 (21... Nxf1 $16 {was called for.} 22. Nxa8 (22. Rxf1 Bxc7 23. dxc7 Qxa3 $14) 22... Ne3) 22. e5 $2 (22. Rfc1 $18) 22... Qh6 $16 23. d5 (23. Rac1 $16) 23... exd5 (23... Qxh3 $11 24. Rf2 Nxd5) 24. Qc3 (24. Rac1 $14) 24... Be6 $11 (24... Qxh3 $2 25. e6+ (25. Rf2 Qh6 $16) 25... Rg7 26. Rf2 $18) (24... d4 $2 25. Qxd4 Bd7 26. h4 $18 (26. e6+ Bf6 $16)) 25. Rf2 Rc8 {[%emt 0:00:39] ...d4 is the strong threat.} 26. Bf1 (26. Rc1 $1 $11) 26... Rg7 $19 27. Rc1 Bxc7 28. dxc7 Rd7 (28... Rgxc7 $17 29. Qxc7 Rxc7 30. Rxc7 Nxf1 31. Rxf1 Bxg4 $1 32. Rxb7 Qc6 33. Rb8+ Bc8) 29. Bg2 (29. Qd4 $11) 29... Qg7 30. Qd4 Qf7 (30... Rcxc7 $19 31. Rxc7 Rxc7) 31. Re1 Rcxc7 {[%emt 0:02:30] Hoping for ...Nc2.} 32. Rxe3 fxe3 33. Qxe3 d4 (33... Qe7 $17 {Strongly threatening ...d4.} 34. Bg3 d4) 34. Qxg5 $11 d3 (34... Bxa2 $2 35. e6 Qg8 36. Qxg8+ (36. exd7 $2 Qxg5 37. Be5+ Kg8 $19) 36... Kxg8 37. exd7 $18) 35. Bf4 Rc2 (35... Bxa2 $2 36. e6 Qg6 37. exd7 $18) 36. Bd2 {[%emt 0:00:40] Black must now prevent f4.} Qe7 (36... Rxb2 37. f4 Qe7 38. Qxe7 (38. f5 Qxg5 39. Bxg5 Rxf2 $15) 38... Rxe7 39. f5 Bxa2 40. e6 $14) (36... Bxa2 $11 {keeps the balance.} 37. Qe3 Kg8) 37. Qh6 (37. Qe3 $16) 37... Bd5 $2 (37... Bxa2 $11 38. Qe3 Qc5 39. Qxc5 Rxc5) 38. Bg5 $2 (38. Qe3 $1 $16) 38... Qf7 (38... Qc5 $5 39. Be3 Qe7 $11) 39. Bd2 Kg8 {[%emt 0:00:28] [#]} (39... Rxb2 40. f4 Qe6 41. Qf8+ Qg8 42. Qf6+ Rg7 43. e6 Rxd2 44. Rxd2 Qxe6 45. Qxe6 (45. Qd8+ Rg8 $11) 45... Bxe6 46. Rxd3 $16) (39... Qe7 $1 $11 {remains equal.}) 40. f4 (40. b4 $1 $16) 40... Qg6 $1 (40... Rxb2 $2 41. f5 Rxd2 42. Qxd2 $18) 41. Qh4 Bxg2 $2 {[%emt 0:05:00] [#]} (41... Rxb2 $2 42. f5 Qb6 43. e6 Rxd2 44. Qg5+ Rg7 45. Qxd2 Bxg2 46. Kxg2 $18) (41... Qe6 $1 $11 {and Black has nothing to worry.}) 42. f5 $1 $18 Qe8 43. e6 {[%emt 0:00:00][%cal Be5e6,Be6d7][%mdl 32] Dancing on a razor blade.} Bc6 44. exd7 $2 (44. Qg5+ $18 Rg7 45. Qh6 Rxb2 46. f6) 44... Rc1+ $1 $11 {[%emt 0:00:30][%mdl 64] Decoy} 45. Bxc1 Qe1+ 46. Kh2 Qh1+ 47. Kg3 Qg1+ 48. Kf4 Qxc1+ {[%emt 0:00:16][%mdl 4096] Endgame KQR-KQB} 49. Ke5 Qc5+ 50. Kf6 ({White should try} 50. Kf4 $11 Qd4+ 51. Kg5 Bxd7 52. Qg3 (52. Kh6 $2 {gets mated.} Qg7+ 53. Kh5 Be8#) 52... Qg7+ 53. Kf4 Qd4+ 54. Kg5 Qg7+ 55. Kf4 Qd4+ 56. Kg5) 50... Qd4+ ({Black should play} 50... Qd6+ $1 $15 51. Kg5 d2 52. Rxd2 (52. Rf1 d1=Q $15) 52... Qxd2+ 53. Kh5 Qxd7 54. Qg5+ Qg7) 51. Kg5 {[%emt 0:00:00] aiming for f6. The position is equal.} Qg7+ (51... d2 $2 52. Kh5 (52. Rf1 Qxd7 53. f6 d1=Q $11) 52... Qxd7 53. Qg5+ Qg7 54. Rxd2 $18) 52. Kh5 Qf7+ 53. Kg5 Qg7+ 54. Kh5 Qf7+ 55. Kg5 {[%emt 0:00:00] Weighted Error Value: White=0.38/Black=0.36} 1/2-1/2

[Event "1st Serbian League 2022"]
[Site "Vrnjacka Banja"]
[Date "2022.09.28"]
[Round "9.35"]
[White "Milenkovic, Mladen"]
[Black "Munizaba, Slobodan"]
[Result "0-1"]
[ECO "B87"]
[WhiteElo "2379"]
[BlackElo "2416"]
[Annotator "TA"]
[PlyCount "94"]
[EventDate "2022.09.20"]
[EventType "team-tourn"]
[EventCountry "SRB"]
[SourceTitle "playchess.com"]
[Source "ChessBase"]
[SourceQuality "1"]
[TimeControl "40/5400+30:1800+30"]

1. e4 c5 2. Nf3 d6 3. d4 cxd4 4. Nxd4 Nf6 5. Nc3 a6 6. Bc4 e6 7. Bb3 b5 8. Bg5 Be7 9. Qf3 Qb6 10. O-O-O Nbd7 {[%emt 0:01:30] B87: Sicilian Scheveningen/Najdorf: 6 Bc4, with early ...b5.} 11. Rhe1 O-O 12. Qg3 Nc5 $1 {[%emt 0:04:49] The position is equal.} 13. Bh6 {[%emt 0:12:29][%csl Gh6][%cal Rg3g7] [#]} Ne8 14. f4 {[%emt 0:21:27] [#]} Qb7 $146 (14... Bd7 $17 {aiming for ...a5.} 15. e5 a5) ({Predecessor:} 14... Bb7 15. f5 Nxb3+ 16. axb3 Kh8 17. Be3 b4 18. Na4 Qd8 19. Re2 e5 20. Nf3 Nf6 21. Nxe5 Nxe4 {0-1 (35) Roinos,I (2186)-Galopoulos,N (2381) Thessaloniki 2022}) 15. f5 (15. Kb1 $11 {deserves consideration.}) 15... b4 16. fxe6 $2 (16. Bd5 $1 $15 exd5 17. Nxd5) 16... Nxb3+ ({Worse is} 16... fxe6 17. Na4 Kh8 18. Bg5 (18. Nxc5 $2 dxc5 19. Nxe6 Bxe6 $17) 18... Nxe4 19. Rxe4 Bxg5+ 20. Qxg5 $17) 17. axb3 bxc3 18. Nf5 Bf6 (18... fxe6 19. Nxg7 cxb2+ 20. Kb1 $15) 19. e7 {[%emt 0:01:36] White wants to mate with Bxg7.} cxb2+ 20. Kb1 {[%emt 0:00:02] Threatening mate with Bxg7.} Bxf5 21. exf8=Q+ Kxf8 {[%emt 0:00:05] Really sharp!} 22. exf5 gxh6 23. Rxd6 Qb4 24. Rxe8+ (24. Rxf6 Nxf6 25. Kxb2) 24... Rxe8 $19 25. Rxf6 {[%emt 0:00:25][%mdl 4096] Endgame KQR-KQR} Re1+ 26. Kxb2 Qd4+ 27. Qc3 {[%emt 0:00:19] [#]} Rb1+ $3 {[%emt 0:00:11][%mdl 576] Deflection} 28. Kxb1 Qxc3 29. Rxa6 {[%emt 0:00:07] KQ-KR} Kg7 {[%emt 0:03:44] ...Qe1+ is the strong threat.} 30. g4 Qe1+ 31. Ka2 Qe2 32. Rc6 Qxg4 33. Rc5 Qd4 34. Rc4 Qf2 35. b4 Qxf5 36. Kb3 Qd5 {[%emt 0:00:32] ( -> ...f5)} 37. Kc3 f5 {[%emt 0:00:57] And now ...Qe5+ would win.} 38. Rc5 Qe4 {[%emt 0:01:07] White must now prevent ...f4.} 39. b5 f4 {[%emt 0:04:41] Black mates.} 40. b6 f3 41. Rb5 Qc6+ 42. Kb4 f2 43. b7 f1=Q 44. b8=Q Qb1+ 45. Ka4 Qa6+ 46. Ra5 Qc4+ 47. Ka3 Qba2# {[%emt 0:00:00] White got outplayed after the opening.  Weighted Error Value: White=0.84/Black=0.14 (very precise)} 0-1

[Event "1st Serbian League 2022"]
[Site "Vrnjacka Banja"]
[Date "2022.09.28"]
[Round "9.36"]
[White "Krstic, Petar"]
[Black "Zlatanovic, Boroljub"]
[Result "0-1"]
[ECO "A48"]
[WhiteElo "2290"]
[BlackElo "2313"]
[Annotator "TA"]
[PlyCount "158"]
[EventDate "2022.09.20"]
[EventType "team-tourn"]
[EventCountry "SRB"]
[SourceTitle "playchess.com"]
[Source "ChessBase"]
[SourceQuality "1"]
[TimeControl "40/5400+30:1800+30"]

1. d4 Nf6 2. Nf3 g6 3. Bg5 Bg7 4. Nbd2 d6 5. e4 O-O 6. c3 h6 7. Bh4 Qe8 8. Bd3 e5 {[%emt 0:01:38] A48: 1 d4 Nf6 2 Nf3 g6: Torre, London and Colle Systems.} 9. O-O Nh5 10. dxe5 dxe5 {[%emt 0:00:48] The position is equal.} 11. Re1 Nd7 12. b4 Bf6 (12... g5 $5 13. Bg3 $8 Qe7 $11) 13. Bxf6 Ndxf6 14. Nc4 Nd7 {[%emt 0:01:25] [#]} 15. a4 $146 ({Predecessor:} 15. Bf1 Nhf6 16. Qd2 Kg7 17. Qb2 b6 18. a4 Bb7 19. Nfd2 a6 20. f3 Qe7 21. Ne3 {0-1 (43) Delemarre,J (2435)-Williams,L (2270) Breda 1998}) 15... Qe7 16. a5 Re8 17. Qc2 Qf6 18. Ne3 Nf4 19. Bf1 Nf8 20. Rad1 (20. h4 $16) 20... Be6 21. a6 b6 22. c4 Rac8 23. c5 Nh7 24. Rd2 (24. Bb5 {feels hotter.} Nxg2 25. Nxg2 Qxf3 26. Rd3) 24... h5 25. Kh1 (25. Qc3 $16) 25... Bg4 (25... g5 $11 {remains equal.}) 26. Ng1 $1 $16 Rcd8 ({Black should play} 26... Ng5 $1 $14) 27. Rxd8 Rxd8 (27... Qxd8 $16 28. f3 Bd7) 28. f3 $18 Bd7 29. g3 Ne6 30. Nd5 Qg5 31. Qf2 ({White must play} 31. c6 $1 $18 ) 31... bxc5 (31... Re8 $14) 32. bxc5 (32. f4 $16 Qh6 33. Nf3) 32... c6 $11 33. h4 Qh6 34. Ne3 ({Of course not} 34. Ne7+ Kh8 35. Nd5 Qf8 $11) (34. Nb6 $5 ) 34... Bc8 (34... Nxc5 35. Nc4 Qf8 36. Rd1 $16) 35. Nc4 Bxa6 36. Nxe5 Rd2 37. Be2 Nd4 {[%emt 0:04:56] ...Nf6 is the strong threat.} 38. f4 $1 Bxe2 (38... Nxe2 $11 39. Qe3 Rb2 40. Nxe2 Bxe2) 39. Nxe2 $2 (39. Qe3 $1 $16 {[%cal Re3d2] is necessary to keep the advantage.} Rc2 40. Qxd4 (40. Nxe2 Nxe2 41. Rxe2 Rxe2 $11)) 39... Qf8 $1 $17 40. Qe3 Rxe2 41. Rxe2 Nxe2 42. Qxe2 Qxc5 {[%emt 0:00:10][%mdl 4096] Endgame KQN-KQN} 43. Qa2 (43. Qd2 $17) 43... Qe7 $19 44. Qc4 {[%emt 0:00:00] [#]} c5 ({Black should try} 44... Nf6 $1 $17 {And now ...a5 would win.} 45. Kg2 c5) 45. Kg2 $2 (45. Nxg6 $1 $11 {and White is okay.} Qd7 46. Kg2) 45... Nf6 46. Kf3 Kg7 47. Nd3 Qd7 48. Nxc5 (48. Nf2 {might work better.}) 48... Qd1+ ({Inferior is} 48... Qh3 49. Qc1 $15) 49. Qe2 Qh1+ 50. Qg2 Qc1 51. Nd3 Qd1+ 52. Ke3 Ng4+ 53. Kd4 Qa4+ 54. Kc3 Nf6 ({But not} 54... Ne3 $2 55. Qf3 Qa5+ 56. Kd4 Qb6+ 57. Kc3 $19) 55. Nc5 Qa3+ 56. Kc4 a5 {[%emt 0:00:00][%cal Ba7a5,Ba5a4][%mdl 32] aiming for ...Qb4+.} 57. Kb5 (57. Qg1) 57... Qb4+ 58. Kc6 a4 {[%emt 0:00:00] Strongly threatening ...a3.} 59. e5 Ng8 {[%emt 0:00:00] White must now prevent ...Ne7+.} 60. e6 Ne7+ 61. Kd6 Qb6+ 62. Kxe7 Qxc5+ {[%emt 0:00:04] KQ-KQ} 63. Kd7 Qd4+ (63... Qb5+ $142 64. Ke7 a3) 64. Ke8 {[%emt 0:00:17] [#]} fxe6 $2 ({Better is} 64... Qc4 $1 $19 65. Qb2+ Kg8) 65. Qa8 $2 (65. Qb7+ $1 $11 {and White has nothing to worry.} Kh6 66. Qa6) 65... Kf6 66. Qa5 e5 (66... Qd6 $142 67. Qg5+ Kg7) 67. Qa6+ Kf5 68. Qc8+ Ke4 69. Qc2+ $2 (69. Qc6+ Ke3 70. fxe5 Qxe5+ 71. Kf8) 69... Kf3 70. Qxg6 (70. f5 $142 gxf5 71. Qxf5+ Kxg3 72. Qxh5) 70... e4 71. f5 e3 {[%emt 0:00:20] ( -> ...e2)} 72. Qc6+ Kf2 {[%emt 0:01:21] Black mates.} 73. Qh1 Qe5+ 74. Kd8 e2 75. Qh2+ Kf3 76. Qh1+ Kg4 77. Qe1 Qd5+ 78. Ke7 Qd1 79. Qb4+ Kh3 {[%emt 0:00:09] Black used his chance.  Weighted Error Value: White=0.49/Black=0.20 (precise)} 0-1